[ AOE2 MATCH · #507889772 ]
UnrankedBengalis vs Vikings
Player's team · WIN
Rival team · LOSS
[ REPLAY ANALYSIS · EXTRACTED FROM THE RECORDED GAME ]
Feudal
11:32
Castle
22:50
Imperial
37:32
| APM avg | 81.3 |
| APM peak | 157 |
| eAPM avg | 35.1 |
| Villagers / military | 150 / 357 |
Focus
⚔️ 34.4% · 🌾 65.6%
Scout Cavalry ×197 · Ratha (Ranged) ×125 · Mangonel ×8 · Skirmisher ×8 · Trebuchet (Packed) ×7 · Monk ×5
Feudal
8:50
Castle
23:34
Imperial
40:08
| APM avg | 48.6 |
| APM peak | 122 |
| eAPM avg | 24.4 |
| Villagers / military | 144 / 155 |
Focus
⚔️ 39.4% · 🌾 60.6%
Archer ×58 · Skirmisher ×56 · Scout Cavalry ×17 · Knight ×14 · Trebuchet (Packed) ×7 · Mangonel ×3
Match map
Initial resources + every placement click. Lines = walls · curves = elevation contours. ◆ gold · ⬟ stone · ● berries · ✦ relic · ◌ wall gap
Your base· ✓ Closed at 22:50 · 49t walls · 2 gate(s)
DS_Alec's base· Open — 9t gap
Smoothed initial terrain · ◌ = detected wall gap · hover for details
Inputs per minute
— Gil-galad - - DS_Alec
Build order — Gil-galad
First 150 of 543 actions detected
| 0:00 | Queue | Villager (Male) |
| 0:00 | Queue | Villager (Male) |
| 0:00 | Queue | Villager (Male) |
| 0:01 | Build | House |
| 0:04 | Build | House |
| 0:10 | Queue | Villager (Male) |
| 1:28 | Queue | Villager (Male) |
| 1:29 | Queue | Villager (Male) |
| 1:39 | Build | Lumber Camp |
| 2:04 | Queue | Villager (Male) |
| 2:26 | Queue | Villager (Male) |
| 2:26 | Queue | Villager (Male) |
| 2:48 | Queue | Villager (Male) |
| 3:15 | Queue | Villager (Male) |
| 3:15 | Queue | Villager (Male) |
| 3:39 | Queue | Villager (Male) |
| 4:01 | Build | House |
| 4:08 | Queue | Villager (Male) |
| 4:08 | Queue | Villager (Male) |
| 4:32 | Queue | Villager (Male) |
| 4:34 | Build | Barracks |
| 4:49 | Queue | Villager (Male) |
| 5:05 | Build | House |
| 5:24 | Queue | Villager (Male) |
| 5:31 | Queue | Militia |
| 5:32 | Queue | Militia |
| 5:32 | Queue | Militia |
| 5:47 | Queue | Villager (Male) |
| 6:08 | Build | Mill |
| 6:19 | Queue | Villager (Male) |
| 6:30 | Build | House |
| 6:33 | Queue | Militia |
| 6:46 | Queue | Villager (Male) |
| 6:46 | Queue | Villager (Male) |
| 7:09 | Queue | Villager (Male) |
| 7:50 | Queue | Villager (Male) |
| 7:58 | Queue | Villager (Male) |
| 8:01 | Build | Mill |
| 8:54 | Research | Loom |
| 9:22 | Research | Feudal Age |
| 9:23 | Research | Feudal Age |
| 9:46 | Build | Palisade Wall |
| 9:50 | Build | Palisade Wall |
| 9:52 | Build | Palisade Wall |
| 10:11 | Queue | Villager (Male) |
| 10:19 | Build | Palisade Wall |
| 10:22 | Queue | Villager (Male) |
| 10:33 | Build | Lumber Camp |
| 11:15 | Queue | Villager (Male) |
| 11:24 | Build | Palisade Gate |
| 11:26 | Build | Palisade Wall |
| 11:32 | Age | Feudal Age |
| 11:36 | Build | House |
| 11:45 | Queue | Villager (Male) |
| 11:46 | Research | Horse Collar |
| 11:48 | Research | Double-Bit Axe |
| 12:00 | Build | Farm |
| 12:02 | Build | Farm |
| 12:12 | Build | Farm |
| 12:15 | Build | Farm |
| 12:18 | Queue | Villager (Male) |
| 12:23 | Build | Palisade Gate |
| 12:51 | Build | Archery Range |
| 13:02 | Build | House |
| 13:07 | Build | Palisade Wall |
| 13:09 | Queue | Villager (Male) |
| 13:16 | Build | Farm |
| 13:19 | Build | Farm |
| 13:23 | Queue | Skirmisher |
| 13:23 | Queue | Skirmisher |
| 13:25 | Queue | Villager (Male) |
| 13:34 | Build | House |
| 13:41 | Queue | Skirmisher |
| 13:52 | Queue | Villager (Male) |
| 13:59 | Build | Blacksmith |
| 14:05 | Queue | Skirmisher |
| 14:08 | Queue | Villager (Male) |
| 14:24 | Queue | Skirmisher |
| 14:26 | Queue | Villager (Male) |
| 14:28 | Build | Mining Camp |
| 14:30 | Research | Padded Archer Armor |
| 14:36 | Queue | Skirmisher |
| 14:53 | Build | Watch Tower |
| 15:10 | Queue | Villager (Male) |
| 15:11 | Queue | Skirmisher |
| 15:51 | Queue | Villager (Male) |
| 15:56 | Build | Farm |
| 16:26 | Build | House |
| 16:40 | Queue | Villager (Male) |
| 16:56 | Queue | Skirmisher |
| 17:06 | Queue | Villager (Male) |
| 17:09 | Queue | Villager (Male) |
| 17:13 | Build | Mining Camp |
| 17:27 | Build | Farm |
| 17:28 | Build | Farm |
| 17:30 | Build | Farm |
| 17:32 | Build | Farm |
| 17:33 | Build | Farm |
| 17:34 | Build | Farm |
| 17:36 | Build | Farm |
| 17:39 | Queue | Villager (Male) |
| 17:50 | Build | Palisade Wall |
| 17:52 | Build | Palisade Wall |
| 17:55 | Build | Mining Camp |
| 17:55 | Queue | Villager (Male) |
| 18:05 | Build | Farm |
| 18:07 | Build | Farm |
| 18:09 | Build | Farm |
| 18:10 | Build | Farm |
| 18:12 | Build | Farm |
| 18:12 | Queue | Villager (Male) |
| 18:32 | Build | House |
| 18:32 | Build | House |
| 18:36 | Queue | Villager (Male) |
| 18:49 | Build | Farm |
| 19:17 | Build | Market |
| 19:34 | Queue | Villager (Male) |
| 19:59 | Build | Stable |
| 20:10 | Research | Castle Age |
| 20:10 | Research | Castle Age |
| 20:56 | Build | Stable |
| 21:00 | Research | Bloodlines |
| 21:11 | Research | Scale Barding Armor |
| 21:20 | Build | Lumber Camp |
| 21:46 | Build | Watch Tower |
| 21:52 | Queue | Scout Cavalry |
| 21:52 | Queue | Scout Cavalry |
| 21:59 | Build | Farm |
| 22:01 | Build | Farm |
| 22:07 | Research | Forging |
| 22:09 | Queue | Scout Cavalry |
| 22:09 | Queue | Scout Cavalry |
| 22:09 | Queue | Scout Cavalry |
| 22:21 | Build | House |
| 22:22 | Build | House |
| 22:32 | Queue | Scout Cavalry |
| 22:32 | Queue | Scout Cavalry |
| 22:46 | Queue | Villager (Male) |
| 22:50 | Age | Castle Age |
| 23:00 | Research | Light Cavalry (upgrade) |
| 23:07 | Research | Bow Saw |
| 23:10 | Research | Heavy Plow |
| 23:22 | Queue | Villager (Male) |
| 24:00 | Queue | Villager (Male) |
| 24:06 | Queue | Scout Cavalry |
| 24:06 | Queue | Scout Cavalry |
| 24:08 | Queue | Villager (Male) |
| 24:15 | Build | Siege Workshop |
| 24:26 | Queue | Villager (Male) |
| 24:31 | Build | Town Center |
Build order — DS_Alec
First 150 of 491 actions detected
| 0:00 | Queue | Villager (Male) |
| 0:00 | Queue | Villager (Male) |
| 0:00 | Queue | Villager (Male) |
| 0:01 | Build | House |
| 0:02 | Build | House |
| 0:21 | Queue | Villager (Male) |
| 1:28 | Queue | Villager (Male) |
| 1:58 | Queue | Villager (Male) |
| 2:17 | Queue | Villager (Male) |
| 2:35 | Queue | Villager (Male) |
| 2:53 | Build | Lumber Camp |
| 2:59 | Queue | Villager (Male) |
| 3:01 | Build | House |
| 3:03 | Build | Palisade Wall |
| 3:04 | Build | Palisade Wall |
| 3:05 | Build | Palisade Wall |
| 3:07 | Build | Palisade Wall |
| 3:12 | Queue | Villager (Male) |
| 3:12 | Queue | Villager (Male) |
| 3:34 | Queue | Villager (Male) |
| 3:50 | Queue | Villager (Male) |
| 4:18 | Build | Palisade Gate |
| 4:27 | Build | Palisade Wall |
| 4:29 | Queue | Villager (Male) |
| 5:22 | Queue | Villager (Male) |
| 5:22 | Queue | Villager (Male) |
| 5:37 | Build | Mining Camp |
| 6:11 | Research | Loom |
| 6:38 | Research | Feudal Age |
| 7:01 | Build | House |
| 7:08 | Build | Palisade Wall |
| 7:10 | Build | Palisade Wall |
| 7:28 | Build | Palisade Wall |
| 7:31 | Build | House |
| 7:36 | Build | House |
| 8:03 | Build | Barracks |
| 8:28 | Build | Palisade Wall |
| 8:30 | Build | Palisade Wall |
| 8:34 | Build | Palisade Wall |
| 8:38 | Build | Palisade Wall |
| 8:40 | Build | Palisade Wall |
| 8:45 | Build | Palisade Wall |
| 8:46 | Build | Palisade Wall |
| 8:50 | Age | Feudal Age |
| 8:55 | Queue | Villager (Male) |
| 9:08 | Queue | Villager (Male) |
| 9:34 | Queue | Villager (Male) |
| 9:38 | Queue | Villager (Male) |
| 9:41 | Build | Archery Range |
| 10:16 | Queue | Archer |
| 10:18 | Build | Mill |
| 10:24 | Build | House |
| 10:28 | Queue | Villager (Male) |
| 10:32 | Queue | Archer |
| 10:49 | Build | Palisade Wall |
| 10:55 | Queue | Villager (Male) |
| 11:02 | Queue | Villager (Male) |
| 11:21 | Queue | Archer |
| 11:22 | Queue | Villager (Male) |
| 11:43 | Queue | Villager (Male) |
| 11:46 | Queue | Archer |
| 11:50 | Build | House |
| 11:58 | Build | Blacksmith |
| 12:14 | Queue | Villager (Male) |
| 12:33 | Queue | Archer |
| 12:41 | Build | Mining Camp |
| 12:51 | Queue | Archer |
| 12:56 | Build | House |
| 13:05 | Queue | Villager (Male) |
| 13:08 | Build | Farm |
| 13:21 | Queue | Villager (Male) |
| 13:30 | Queue | Archer |
| 13:36 | Build | Farm |
| 13:38 | Queue | Archer |
| 14:05 | Build | Farm |
| 14:15 | Queue | Archer |
| 14:23 | Queue | Villager (Male) |
| 14:36 | Queue | Villager (Male) |
| 14:44 | Build | Watch Tower |
| 14:59 | Research | Fletching |
| 15:25 | Queue | Archer |
| 16:03 | Build | Watch Tower |
| 16:04 | Queue | Villager (Male) |
| 16:07 | Queue | Archer |
| 16:29 | Queue | Villager (Male) |
| 16:32 | Build | Stable |
| 16:35 | Build | House |
| 17:03 | Queue | Archer |
| 17:03 | Queue | Villager (Male) |
| 17:06 | Build | Farm |
| 17:08 | Queue | Villager (Male) |
| 17:16 | Build | Farm |
| 17:32 | Queue | Villager (Male) |
| 17:37 | Build | Farm |
| 17:38 | Build | Farm |
| 17:48 | Queue | Archer |
| 18:19 | Build | Watch Tower |
| 18:22 | Queue | Villager (Male) |
| 18:28 | Queue | Archer |
| 18:29 | Queue | Archer |
| 18:42 | Build | Watch Tower |
| 18:47 | Queue | Villager (Male) |
| 18:53 | Build | Farm |
| 19:07 | Queue | Villager (Male) |
| 19:09 | Build | Farm |
| 19:30 | Queue | Villager (Male) |
| 19:36 | Build | House |
| 19:38 | Queue | Archer |
| 20:07 | Build | Market |
| 20:21 | Queue | Villager (Male) |
| 20:32 | Build | Watch Tower |
| 20:45 | Build | Lumber Camp |
| 20:54 | Research | Castle Age |
| 20:56 | Queue | Archer |
| 21:05 | Build | Farm |
| 21:11 | Queue | Archer |
| 21:21 | Build | Farm |
| 21:31 | Research | Double-Bit Axe |
| 21:48 | Build | House |
| 21:50 | Build | House |
| 21:52 | Build | House |
| 22:05 | Research | Horse Collar |
| 22:16 | Build | House |
| 22:19 | Build | Palisade Wall |
| 22:27 | Queue | Archer |
| 22:45 | Queue | Archer |
| 22:47 | Research | Padded Archer Armor |
| 23:07 | Research | Town Watch |
| 23:34 | Age | Castle Age |
| 23:41 | Build | Town Center |
| 23:58 | Research | Bodkin Arrow |
| 24:06 | Queue | Villager (Male) |
| 24:32 | Build | Town Center |
| 24:34 | Queue | Villager (Male) |
| 24:42 | Build | University |
| 24:45 | Queue | Archer |
| 24:50 | Queue | Villager (Male) |
| 24:51 | Queue | Villager (Male) |
| 25:04 | Queue | Villager (Male) |
| 25:08 | Queue | Archer |
| 25:10 | Queue | Villager (Male) |
| 25:13 | Build | Farm |
| 25:17 | Build | Farm |
| 25:19 | Build | Farm |
| 25:22 | Queue | Archer |
| 25:29 | Queue | Villager (Male) |
| 25:41 | Queue | Villager (Male) |
| 25:53 | Research | Crossbowman (upgrade) |
| 26:23 | Queue | Villager (Male) |
| 26:23 | Queue | Villager (Male) |
Match timeline
| 3:03 | DS_Alec · wall_segment Palisade Wall x1 |
| 3:04 | DS_Alec · wall_segment Palisade Wall x1 |
| 3:05 | DS_Alec · wall_segment Palisade Wall x1 |
| 3:07 | DS_Alec · wall_segment Palisade Wall x1 |
| 4:27 | DS_Alec · wall_segment Palisade Wall x6 |
| 4:34 | Gil-galad · first_building Barracks |
| 7:08 | DS_Alec · wall_segment Palisade Wall x2 |
| 7:10 | DS_Alec · wall_segment Palisade Wall x4 |
| 7:28 | DS_Alec · wall_segment Palisade Wall x1 |
| 8:03 | DS_Alec · first_building Barracks |
| 8:28 | DS_Alec · wall_segment Palisade Wall x1 |
| 8:30 | DS_Alec · wall_segment Palisade Wall x1 |
| 8:34 | DS_Alec · wall_segment Palisade Wall x1 |
| 8:38 | DS_Alec · wall_segment Palisade Wall x2 |
| 8:40 | DS_Alec · wall_segment Palisade Wall x1 |
| 8:45 | DS_Alec · wall_segment Palisade Wall x1 |
| 8:46 | DS_Alec · wall_segment Palisade Wall x1 |
| 8:50 | DS_Alec · age_up feudal |
| 9:41 | DS_Alec · first_building Archery Range |
| 9:46 | Gil-galad · wall_segment Palisade Wall x9 |
| 9:50 | Gil-galad · wall_segment Palisade Wall x13 |
| 9:52 | Gil-galad · wall_segment Palisade Wall x10 |
| 10:19 | Gil-galad · wall_segment Palisade Wall x8 |
| 10:49 | DS_Alec · wall_segment Palisade Wall x7 |
| 11:26 | Gil-galad · wall_segment Palisade Wall x4 |
| 11:32 | Gil-galad · age_up feudal |
| 12:51 | Gil-galad · first_building Archery Range |
| 13:07 | Gil-galad · wall_segment Palisade Wall x3 |
| 16:32 | DS_Alec · first_building Stable |
| 17:50 | Gil-galad · wall_segment Palisade Wall x1 |
| 17:52 | Gil-galad · wall_segment Palisade Wall x2 |
| 19:59 | Gil-galad · first_building Stable |
| 20:48 | DS_Alec · first_market_buy 100 food |
| 22:19 | DS_Alec · wall_segment Palisade Wall x1 |
| 22:50 | Gil-galad · age_up castle |
| 23:02 | Gil-galad · first_market_buy 100 food |
| 23:34 | DS_Alec · age_up castle |
| 24:15 | Gil-galad · first_building Siege Workshop |
| 25:47 | Gil-galad · first_building Monastery |
| 26:48 | Gil-galad · first_market_sell 100 wood |
| 28:24 | DS_Alec · first_building Siege Workshop |
| 32:21 | Gil-galad · first_building Castle |
| 34:34 | DS_Alec · first_building Monastery |
| 36:49 | DS_Alec · first_market_sell 100 stone |
| 37:32 | Gil-galad · age_up imperial |
| 38:53 | DS_Alec · first_building Castle |
| 40:08 | DS_Alec · age_up imperial |
| 50:46 | DS_Alec · resign |
[ AI ANALYSIS · 1 CREDIT ]
What really happened in this match?
Wolo.gg analyzes every decision: build order, eco, micro, common mistakes by bracket. Personalized analysis on WhatsApp or Discord in 30 seconds.
Civ guide
Bengalis
Perfil
Jugador #322559